 Dungeon Crawl Stone Soup version 0.19.5 (webtiles) character file.

8142 Lovchig the Cleaver (level 11, -2/100 HPs)
             Began as a Deep Dwarf Fighter on May 16, 2017.
             Was a High Priest of the Shining One.
             Slain by a gargoyle
             ... wielding a +0 flail
              (14 damage)
             ... on level 11 of the Dungeon.
             The game lasted 00:30:27 (7124 turns).

Lovchig the Cleaver (Deep Dwarf Fighter)            Turns: 7124, Time: 00:30:27

Health: -2/100     AC: 13    Str: 24      XL:     11   Next: 6%
Magic:  0/6        EV:  6    Int:  9 (10) God:    the Shining One [*****.]
Gold:   716        SH: 17    Dex: 11 (12) Spells: 0 memorised, 10 levels left

rFire  . . .     SeeInvis +     a - +3 war axe
rCold  . . .     Gourm    .     w - +0 plate armour
rNeg   + + .     Faith    .     c - +5 shield
rPois  .         Spirit   +     F - +1 hat {MR+}
rElec  .         Reflect  .     (no cloak)
rCorr  .         Harm     .     (no gloves)
MR     +++..     Rnd*Rage +     (no boots)
Stlth  ..........               q - amulet of guardian spirit
                                J - ring of see invisible
                                H - ring of wizardry

@: non-regenerating, glowing
A: damage resistance, recharge devices, iridescent scales 1, yellow scales 1,
berserk 1, blink, clever 1, deformed body, deterioration 1, magic resistance 1,
sense surroundings 2, slow regeneration 3
a: Device Recharging, Blink, Divine Shield, Cleansing Flame, Summon Divine
Warrior, Renounce Religion


You were on level 11 of the Dungeon.
You worshipped the Shining One.
The Shining One was extremely pleased with you.
You were not hungry.

You visited 2 branches of the dungeon, and saw 12 of its levels.
You also visited: Ossuary.

You collected 716 gold pieces.

Inventory:

Hand Weapons
 a - a +3 war axe (weapon)
Armour
 c - a +5 shield (worn)
 w - a +0 plate armour (worn)
 F - a +1 hat of magic resistance (worn)
Jewellery
 q - an amulet of guardian spirit (around neck)
 H - a ring of wizardry (left hand)
 J - a ring of see invisible (right hand)
Wands
 e - a wand of heal wounds (1/9)
 h - a wand of confusion (36/48)
 s - a wand of digging (4/24)
 v - a wand of flame (26/48)
 A - a wand of lightning (6/15)
 E - a wand of flame (4/48)
Scrolls
 m - 5 scrolls of remove curse
 r - 4 scrolls of teleportation
 x - 2 scrolls of blinking
 B - a scroll of fog
 G - a scroll of amnesia
Potions
 b - 2 potions of flight
 d - 2 potions of might
 g - 2 potions of lignification
 j - 4 potions of brilliance
 l - 8 potions of curing
 n - a potion of heal wounds
 o - a potion of haste {unknown}
 t - 3 potions of degeneration {unknown}
 z - 2 potions of cancellation {unknown}
Comestibles
 f - 7 bread rations
 i - 2 meat rations
 k - 8 chunks of flesh
 u - a slice of pizza


   Skills:
 * Level 7.0 Fighting
 * Level 12.7 Axes
 * Level 8.0 Armour
 * Level 9.2 Shields


You had 10 spell levels left.
You didn't know any spells.

Dungeon Overview and Level Annotations

Branches:
Dungeon (12/15)            Temple (1/1) D:6            Lair (0/6) D:8
    Orc (0/2) D:12

Altars:
Ashenzari
Cheibriados
Dithmenos
Elyvilon
Fedhas
Gozag
Hepliaklqana
Kikubaaqudgha
Makhleb
Nemelex Xobeh
Okawaru
Qazlal
Ru
Sif Muna
Trog
Uskayaw
Vehumet
Xom
Yredelemnul
Zin
The Shining One

Annotations:
D:11 Snorg


Innate Abilities, Weirdness & Mutations

You are resistant to damage.
You can recharge devices by infusing magical energy.
You passively map the area around you.
You do not regenerate.
You are partially covered in iridescent scales. (AC +2)
You are partially covered in yellow scales. (AC +2)
You tend to lose your temper in combat.
You can translocate small distances at will.
Your mind is acute. (Int +2)
Armour fits poorly on your strangely shaped body.
Your body sometimes deteriorates upon taking damage.
You are resistant to hostile enchantments. (MR+)


Message History

The gargoyle hurls a stone arrow at you.
The stone arrow hits you!
* * * LOW HITPOINT WARNING * * *
Evoke which item? (* to show all) (? for menu, Esc to quit)
Zapping:
e - a wand of heal wounds (3/9)
Press: ? - help, Shift-Dir - straight line, f - you You feel much better.
This wand has 2 charges left.
You block Snorg's attack. Snorg barely misses you. You block Snorg's attack.
The gargoyle hits you but does no damage.
Snorg bites you!
* * * LOW HITPOINT WARNING * * *
Snorg barely misses you. Snorg claws you!
* * * LOW HITPOINT WARNING * * *
Evoke which item? (* to show all) (? for menu, Esc to quit)
Zapping:
e - a wand of heal wounds (2/9)
Press: ? - help, Shift-Dir - straight line, f - you You feel much better.
This wand has 1 charge left.
Snorg bites you!
* * * LOW HITPOINT WARNING * * *
You block Snorg's attack. x2; The gargoyle hits you with a flail!
You die...

,, * , ,, , ,, ,
, , ,#..##* , *
,, * , , #...#
*, * , * #.#.##*
, * ** * *
#.#..## , * * ,
,#.....# .# * *
*, *, .#.
,#..#..# .# * *
**
,$....#)9#..##.#
,* , * , ,*
#....T@......# *
,, *,
,#....####..#.#*
* * * , ,#...
#..#.# , * *, ,*
*.... , #....#,
... ** #.#..#,
,, #. , * #.#..#
* , , . ,, *
#.#.>#, * **
,#.#### * * ,, *
, ..# * **, *


You could see Snorg (berserk) and a gargoyle.

Vanquished Creatures
  Gastronok (D:8)
  A centaur warrior (D:12)
  A gargoyle (D:12)
  A two-headed ogre (D:8)
  A hippogriff (D:8)
  Sigmund (D:4)
  A hill giant zombie (D:12)
  A spriggan (D:8)
  3 vampire mosquitoes (D:12)
  2 hungry ghosts
  2 orc warriors
  2 phantoms
  3 black bears
  A sky beast (D:9)
  A necrophage (D:5)
  3 ogres
  4 centaurs
  Blork the orc (D:4)
  A big kobold (D:9)
  2 elf zombies (Ossuary)
  4 bullfrogs
  2 troll zombies (D:12)
  4 scorpions
  8 killer bees
  3 wights (D:9)
  A crimson imp (D:6)
  4 jellies
  5 hounds
  A human zombie (Ossuary)
  A bullfrog zombie (D:9)
  A bullfrog skeleton (D:12)
  3 orc priests
  9 orc wizards
  A centaur skeleton (D:7)
  A gnoll shaman (D:7)
  6 worker ants
  A big kobold zombie (Ossuary)
  5 ogre zombies (D:12)
  A hound zombie (D:7)
  A hound skeleton (D:7)
  5 mummies
  2 worker ant zombies
  Robin (D:4)
  9 adders
  A river rat (D:8)
  10 gnolls
  2 shadow imps
  2 oozes
  An adder zombie (Ossuary)
  3 adder skeletons
  2 worms
  2 dart slugs (D:1)
  5 leopard geckos
  45 orcs
  A ball python (D:6)
  2 giant cockroaches
  3 gnoll zombies (Ossuary)
  13 goblins
  8 hobgoblins
  6 jackals (D:1)
  6 quokkas
  15 bats
  4 frilled lizards
  A goblin skeleton (D:12)
  3 goblin zombies
  2 hobgoblin skeletons (D:12)
  A hobgoblin zombie (D:12)
  2 jackal zombies (Ossuary)
  12 kobolds
  4 orc skeletons (D:12)
  15 orc zombies (D:12)
  A quokka skeleton (D:4)
  A quokka zombie (D:7)
  17 rats
  A rat zombie (Ossuary)
  2 fungi (D:8)
305 creatures vanquished.

Vanquished Creatures (others)
  A rat (D:8)
1 creature vanquished.

Grand Total: 306 creatures vanquished

Notes
Turn   | Place    | Note
-------+----------+-------------------------------------------
     0 | D:1      | Lovchig the Deep Dwarf Fighter began the quest for the Orb.
     0 | D:1      | Reached XP level 1. HP: 20/20 MP: 1/1
   123 | D:1      | Reached XP level 2. HP: 18/27 MP: 2/2
   418 | D:1      | Reached XP level 3. HP: 21/33 MP: 3/3
   665 | D:2      | Reached skill level 3 in Axes
   862 | D:2      | Reached XP level 4. HP: 35/42 MP: 4/4
   911 | D:2      | Found a bloodstained altar of Trog.
  1552 | D:3      | Reached XP level 5. HP: 34/49 MP: 5/5
  1689 | D:3      | Reached skill level 4 in Axes
  2011 | D:3      | Found an iron altar of Okawaru.
  2101 | D:4      | Noticed Robin
  2113 | D:4      | Killed Robin
  2113 | D:4      | Reached skill level 5 in Shields
  2125 | D:4      | Reached XP level 6. HP: 25/56 MP: 3/3
  2386 | D:4      | Reached skill level 5 in Axes
  2400 | D:4      | Noticed Blork the orc
  2416 | D:4      | Killed Blork the orc
  2460 | D:4      | Noticed Sigmund
  2475 | D:4      | Killed Sigmund
  2475 | D:4      | Reached skill level 6 in Axes
  2475 | D:4      | Reached XP level 7. HP: 49/64 MP: 0/4
  2555 | D:5      | Entered Level 5 of the Dungeon
  2704 | D:5      | Reached skill level 7 in Axes
  2710 | D:5      | Reached XP level 8. HP: 39/71 MP: 0/5
  3084 | D:6      | Reached skill level 5 in Armour
  3112 | D:6      | Found a staircase to the Ecumenical Temple.
  3118 | Temple   | Entered the Ecumenical Temple
  3283 | Temple   | Became a worshipper of the Shining One
  3630 | D:6      | Reached skill level 8 in Axes
  4253 | D:7      | Reached skill level 9 in Axes
  4253 | D:7      | Gained mutation: You passively map the area around you. [Deep Dwarf growth]
  4253 | D:7      | Reached XP level 9. HP: 27/79 MP: 0/6
  4283 | D:7      | Reached * piety under the Shining One
  5372 | D:8      | Reached skill level 5 in Fighting
  5376 | D:8      | Found a sand-covered staircase.
  5384 | Ossuary  | Entered an ossuary
  5384 | Ossuary  | Reached ** piety under the Shining One
  5577 | D:8      | Noticed Gastronok
  5603 | D:8      | HP: 2/81 [Gastronok (21)]
  5609 | D:8      | Killed Gastronok
  5609 | D:8      | Reached skill level 11 in Axes
  5609 | D:8      | Reached XP level 10. HP: 39/91 MP: 0/7
  5875 | D:8      | Found a staircase to the Lair.
  6085 | D:8      | Reached *** piety under the Shining One
  6314 | D:8      | Gained mutation: You can translocate small distances at will. [potion of mutation]
  6314 | D:8      | Gained mutation: Your magical capacity is low. (-10% MP) [potion of mutation]
  6314 | D:8      | Gained mutation: You are partially covered in yellow scales. (AC +2) [potion of mutation]
  6315 | D:8      | Gained mutation: Armour fits poorly on your strangely shaped body. [potion of mutation]
  6315 | D:8      | Gained mutation: Your body sometimes deteriorates upon taking damage. [potion of mutation]
  6316 | D:8      | Gained mutation: You are partially covered in iridescent scales. (AC +2) [potion of mutation]
  6316 | D:8      | Gained mutation: Your mind is acute. (Int +2) [potion of mutation]
  6317 | D:8      | Gained mutation: You tend to lose your temper in combat. [potion of mutation]
  6317 | D:8      | Gained mutation: You are resistant to hostile enchantments. (MR+) [potion of mutation]
  6317 | D:8      | Lost mutation: Your magical capacity is low. (-10% MP) [potion of mutation]
  6600 | D:9      | Reached skill level 12 in Axes
  6929 | D:9      | You fall through a shaft for 3 floors!
  6949 | D:12     | Found a staircase to the Orcish Mines.
  6949 | D:12     | Reached **** piety under the Shining One
  6958 | D:12     | Reached ***** piety under the Shining One
  7071 | D:12     | Noticed a gargoyle
  7071 | D:12     | Noticed a centaur warrior
  7082 | D:12     | Killed a gargoyle
  7083 | D:12     | Killed a centaur warrior
  7084 | D:12     | Reached XP level 11. HP: 71/99 MP: 3/6
  7101 | D:12     | Noticed a hill giant
  7112 | D:11     | Noticed Snorg
  7124 | D:11     | Slain by a gargoyle

Skill      XL: |  1  2  3  4  5  6  7  8  9 10 11 |
---------------+----------------------------------+-----
Fighting       | 3 4 5 6 7 |  7.0
Axes           | 3 4 6 7 9 11 12 | 12.7
Shields        | 4 5 6 7 9 |  9.2
Armour         | 4 5 7 8 |  8.0

Action                   |  1- 3 |  4- 6 |  7- 9 | 10-12 || total
-------------------------+-------+-------+-------+-------++-------
Melee: War axe           |   130 |   334 |   284 |   237 ||   985
 Abil: Device Recharging |       |     3 |       |     2 ||     5
Evoke: Wand              |     1 |     7 |     8 |     8 ||    24
  Use: Scroll            |       |     6 |     8 |    12 ||    26
       Potion            |       |       |       |     4 ||     4
  Eat: Chunk             |       |     6 |    10 |     2 ||    18
       Bread ration      |       |       |     1 |     1 ||     2
Armor: Scale mail        |    46 |    64 |       |       ||   110
       Chain mail        |       |    99 |    95 |       ||   194
       Plate armour      |       |       |    59 |   104 ||   163
Dodge: Dodged            |    47 |    96 |    61 |    50 ||   254
Block: Shield            |    83 |   229 |   205 |   215 ||   732
